Map: Battle on the Boardwalk LE

Players

JonSnow

  • Race: Zerg Zerg
  • League: Master
  • Spawn Location: 1:00

puCK (Nina) - Winner!

  • Race: Protoss Protoss
  • League: Master
  • Spawn Location: 11:00

VOD

Have the link to the VOD?

Description

Time

  • Played on: Nov. 14, 2017, 11:25 p.m.
  • Length: 15:17
Show
View Real Time Build Order
Export as new Build Order

JonSnow Zerg 

Build Orders: Pool First, Brood Lord Corruptor, Lurkers 

Get SALT Encoding   

  12  0:00  Drone  
  13  0:12  Overlord  
  13  0:17  Drone  
  14  0:32  Drone x2  
  14  0:35  Drone  
  17  0:51  Extractor  
  17  0:53  Spawning Pool  
  17  0:54  Drone  
  17  0:55  Drone  
  17  1:08  Drone  
  18  1:33  Overlord  
  18  1:39  Zergling x4  
  20  1:40  Queen  
  22  1:53  Metabolic Boost  
  22  1:55  Drone  
  23  2:02  Drone  
  23  2:08  Hatchery  
  23  2:10  Drone  
  24  2:17  Queen  
  26  2:24  Overlord  
  26  2:32  Drone  
  27  2:40  Roach Warren  
  25  2:46  Drone  
  26  2:52  Pneumatized Carapace  
  26  2:56  Overlord  
  26  3:00  Evolution Chamber  
  26  3:05  Drone x3  
  29  3:17  Drone  
  30  3:21  Drone x4  
  34  3:29  Drone  
  35  3:39  Zergling x2  
  35  3:40  Zergling x2  
  37  3:43  Zergling x2  
  37  3:45  Hatchery  
  37  3:51  Zergling x6  
  40  3:59  Drone  
  40  4:02  Queen  
  43  4:05  Drone x3  
  43  4:07  Drone  
  47  4:10  Drone  
  47  4:13  Drone  
  49  4:18  Drone  
  50  4:24  Overlord  
  50  4:30  Lair  
  50  4:31  Drone  
  50  4:47  Drone x5  
  50  4:49  Drone  
  53  4:53  Extractor x2  
  53  4:54  Extractor  
  50  5:00  Drone x2  
  50  5:02  Drone x4  
  56  5:08  Drone  
  56  5:11  Drone x2  
  56  5:14  Queen  
  59  5:20  Overlord  
  59  5:21  Drone x2  
  62  5:24  Drone x3  
  65  5:31  Hydralisk Den  
  65  5:32  Drone  
  65  5:35  Overlord x4  
  65  5:39  Extractor  
  65  5:40  Extractor  
  63  5:47  Evolution Chamber  
  62  5:53  Drone  
  63  6:00  Hydralisk x8  
  63  6:01  Zergling x4  
  63  6:02  Queen  
  83  6:04  Hydralisk  
  83  6:07  Hydralisk  
  83  6:09  Zergling x4  
  83  6:10  Zergling x6  
  92  6:13  Hydralisk  
  92  6:14  Zergling x2  
  95  6:19  Hydralisk  
  95  6:23  Overlord  
  97  6:25  Spine Crawler  
  97  6:31  Muscular Augments  
  96  6:39  Hydralisk x2  
  93  6:40  Zergling x10  
  99  6:47  Drone x7  
  105  6:59  Overlord  
  105  7:01  Hatchery  
  105  7:03  Zerg Melee Weapons Level 1  
  105  7:05  Lurker Den  
  103  7:10  Baneling Nest, Drone x2  
  104  7:20  Drone x6  
  110  7:29  Drone  
  113  7:30  Drone x3  
  113  7:32  Overseer  
  113  7:35  Overseer  
  113  7:39  Overlord x2  
  113  7:47  Drone  
  113  7:50  Hatchery  
  113  7:55  Centrifical Hooks  
  113  8:06  Zergling x34  
  130  8:16  Overlord  
  130  8:29  Overlord x4  
  130  8:31  Drone  
  130  8:32  Drone x5  
  136  8:38  Drone  
  136  8:40  Baneling x21  
  137  8:43  Lurker x5  
  137  8:44  Lurker x2  
  144  8:50  Infestation Pit  
  143  9:04  Hydralisk  
  143  9:05  Hydralisk x6  
  143  9:09  Drone x3  
  160  9:17  Lurker  
  160  9:18  Hatchery  
  159  9:25  Spire  
  158  9:38  Overlord  
  158  9:39  Extractor x2  
  158  9:44  Hive  
  155  10:08  Hatchery  
  155  10:09  Drone  
  155  10:10  Drone x2  
  155  10:11  Overlord x2  
  155  10:13  Zergling x10  
  155  10:14  Zergling x44  
  182  10:37  Corruptor x8  
  194  10:48  Zergling x22  
  187  10:54  Hydralisk  
  187  10:55  Hydralisk  
  184  10:58  Greater Spire, Corruptor x2  
  184  11:03  Baneling x7  
  188  11:10  Hydralisk x5  
  199  11:11  Zergling x2  
  199  11:18  Baneling x3  
  199  11:20  Baneling x4  
  199  11:22  Adrenal Glands  
  198  11:26  Overlord  
  197  11:47  Hydralisk x12  
  175  11:48  Zergling x4  
  175  11:52  Zergling x2  
  176  12:02  Hydralisk x5  
  160  12:08  Hydralisk  
  160  12:11  Baneling x4  
  159  12:16  Brood Lord  
  159  12:17  Zergling x8  
  159  12:18  Zergling x6  
  166  12:27  Brood Lord x2  
  162  12:30  Zergling x10  
  162  12:35  Brood Lord  
  152  12:44  Zergling x20  
  150  12:51  Zergling x8  
  150  12:52  Hatchery  
  150  12:55  Viper  
  152  13:02  Corruptor x2  
  156  13:08  Baneling x5  
  156  13:11  Baneling x2  
  156  13:15  Zergling x14  
  156  13:19  Lurker  
  164  13:22  Hatchery  
  160  13:34  Hydralisk x5  
  160  13:35  Zergling x6  
  160  13:41  Lurker  
  172  13:53  Brood Lord  
  172  13:55  Zergling x16  
  182  14:05  Brood Lord  
  184  14:22  Hatchery  
  176  14:36  Hydralisk x11  
  164  14:43  Zergling x2  
  160  14:47  Baneling x8  
  160  14:54  Lurker  
Show
View Real Time Build Order
Export as new Build Order

puCK Protoss - Winner!

Build Orders: Phoenix Opening 

Get SALT Encoding   

  12  0:00  Probe  
  13  0:13  Probe  
  14  0:18  Pylon  
  14  0:25  Probe  
  15  0:37  Probe (Chrono Boost)  
  15  0:39  Gateway  
  16  0:48  Assimilator, Probe (Chrono Boost)  
  17  0:52  Probe  
  18  1:00  Pylon  
  18  1:04  Probe  
  19  1:17  Probe  
  20  1:30  Probe  
  20  1:32  Cybernetics Core  
  21  1:45  Probe  
  22  1:57  Probe  
  22  1:59  Nexus  
  23  2:03  Pylon  
  23  2:11  Warp Gate (Chrono Boost)  
  23  2:17  Shield Battery  
  23  2:21  Adept (Chrono Boost), Probe  
  26  2:25  Assimilator  
  26  2:32  Gateway  
  26  2:34  Probe  
  27  2:42  Sentry  
  29  2:46  Probe  
  29  2:54  Gateway  
  29  2:58  Probe  
  29  3:04  Pylon  
  30  3:10  Sentry  
  32  3:14  Probe  
  32  3:15  Probe  
  34  3:22  Sentry  
  34  3:26  Probe  
  37  3:28  Shield Battery  
  37  3:32  Probe  
  38  3:38  Probe  
  39  3:47  Shield Battery  
  39  3:50  Probe x2, Pylon  
  39  3:54  Phoenix  
  41  4:00  Sentry  
  41  4:01  Robotics Facility  
  41  4:02  Probe x2  
  45  4:05  Assimilator  
  45  4:11  Assimilator  
  45  4:12  Zealot, Shield Battery  
  45  4:14  Probe x2  
  49  4:18  Pylon  
  49  4:22  Stalker  
  51  4:26  Probe  
  51  4:29  Phoenix, Probe  
  51  4:30  Shield Battery  
  53  4:38  Stalker  
  55  4:43  Probe  
  55  4:45  Probe  
  60  4:53  Immortal (Chrono Boost)  
  60  4:56  Probe  
  61  5:00  Probe  
  62  5:09  Probe, Pylon  
  63  5:17  Nexus  
  64  5:22  Probe, Pylon  
  64  5:24  Pylon  
  64  5:25  Warp Prism (Chrono Boost)  
  64  5:27  Sentry  
  64  5:28  Sentry  
  70  5:30  Probe  
  70  5:34  Probe  
  72  5:38  Stalker  
  74  5:50  Stalker, Shield Battery  
  74  5:51  Stalker, Shield Battery  
  74  5:55  Stalker  
  80  6:00  Probe  
  81  6:07  Probe  
  82  6:11  Twilight Council  
  82  6:12  Probe  
  82  6:15  Gateway  
  83  6:19  Forge  
  83  6:22  Stalker x3  
  83  6:23  Probe  
  91  6:25  Probe  
  91  6:35  Probe  
  91  6:36  Probe  
  91  6:37  Probe  
  91  6:39  Robotics Bay  
  94  6:47  Assimilator, Probe  
  94  6:48  Assimilator, Probe  
  94  6:49  Probe  
  94  6:52  Observer (Chrono Boost)  
  94  6:53  Blink  
  98  6:59  Probe  
  98  7:00  Probe  
  100  7:02  Probe  
  100  7:07  Shield Battery  
  101  7:09  Pylon  
  101  7:11  Protoss Ground Weapons Level 1 (Chrono Boost)  
  101  7:12  Probe x2  
  101  7:15  Gateway  
  103  7:18  Gateway, Robotics Facility  
  103  7:26  Photon Cannon  
  103  7:33  Colossus (Chrono Boost)  
  103  7:34  Extended Thermal Lance  
  109  7:47  Pylon  
  109  7:50  Pylon  
  109  7:51  Nexus  
  109  7:53  Pylon x2  
  108  8:12  Disruptor (Chrono Boost)  
  114  8:20  Shield Battery  
  114  8:22  Disruptor (Chrono Boost)  
  114  8:23  Shield Battery  
  114  8:24  Shield Battery  
  114  8:25  Pylon  
  114  8:26  Robotics Facility  
  114  8:31  Shield Battery  
  114  8:34  Shield Battery  
  114  8:35  Stalker x4  
  114  8:36  Photon Cannon  
  114  8:38  Protoss Ground Weapons Level 2 (Chrono Boost)  
  125  8:43  Photon Cannon  
  125  8:44  Disruptor (Chrono Boost)  
  125  8:51  Assimilator  
  125  8:55  Assimilator  
  128  8:58  Disruptor (Chrono Boost)  
  128  9:01  Charge (Chrono Boost)  
  128  9:04  Stalker x3, Templar Archives  
  134  9:14  Observer (Chrono Boost), Disruptor (Chrono Boost)  
  138  9:28  Photon Cannon  
  138  9:31  Disruptor (Chrono Boost)  
  138  9:32  Photon Cannon  
  138  9:33  Photon Cannon  
  138  9:35  Shield Battery  
  144  9:41  Disruptor (Chrono Boost)  
  144  9:47  High Templar x2  
  144  9:48  High Templar x2  
  144  9:50  Zealot x2  
  144  9:51  Archon x2  
  156  9:56  Nexus  
  156  9:59  Pylon  
  156  10:01  Pylon  
  156  10:05  Gateway  
  156  10:06  Gateway  
  156  10:09  Probe x2  
  156  10:13  Observer x2  
  160  10:22  Zealot x5  
  160  10:25  Zealot  
  160  10:28  Shield Battery  
  172  10:30  Shield Battery  
  170  10:45  Zealot x5  
  170  10:46  Zealot  
  164  11:02  Photon Cannon  
  164  11:03  Photon Cannon  
  164  11:05  Protoss Ground Weapons Level 3  
  164  11:06  Photon Cannon  
  164  11:07  High Templar  
  164  11:08  High Templar, Photon Cannon  
  164  11:09  High Templar  
  164  11:10  High Templar  
  172  11:12  High Templar x2  
  172  11:13  Archon  
  172  11:14  Archon  
  172  11:16  Archon  
  176  11:25  High Templar x2  
  180  11:26  Colossus  
  180  11:29  Archon  
  180  11:30  Colossus  
  166  11:56  Disruptor  
  167  12:02  Stalker  
  167  12:03  Stalker x6  
  166  12:17  Gateway  
  166  12:20  Gateway  
  166  12:22  Gateway  
  164  12:25  Gateway  
  164  12:32  Stalker x4  
  170  12:39  Disruptor  
  160  12:50  Stalker x3  
  156  12:54  Observer  
  156  12:55  Observer  
  156  13:06  Stalker x3  
  162  13:13  Probe x3  
  162  13:17  Probe x2  
  167  13:21  Observer x2  
  167  13:25  Probe  
  167  13:26  High Templar x2  
  174  13:29  Probe  
  174  13:30  Probe  
  174  13:31  Archon  
  174  13:32  High Templar x6  
  174  13:33  High Templar  
  184  13:36  Archon  
  184  13:37  Archon x2  
  184  13:39  High Templar  
  184  13:40  Probe  
  184  13:44  Archon  
  184  13:47  Gateway  
  184  13:51  Pylon  
  184  13:52  Pylon  
  184  13:53  Pylon  
  184  14:03  Zealot  
  184  14:07  Pylon  
  186  14:10  Zealot x6, Pylon  
  186  14:11  Pylon  
  197  14:22  Observer x2  
  178  14:41  Zealot x5  
  178  14:42  Zealot x4  
  195  14:50  Assimilator  
  195  14:51  Assimilator  
Tags
 
Add a new tag
Caveats
  • Supply blocks, unpowered buildings, or Contaminate may cause inaccurate times.
  • Supply counts are checked every 10 seconds.